 Dungeon Crawl Stone Soup version 0.24.0-2-g5b39cebb1c (webtiles) character file.

Game seed: 8861003867745753544, levelgen mode: deterministic

133 Mrkan the Chopper (level 5, -1/47 HPs)
             Began as a Hill Orc Fighter on Oct 31, 2019.
             Was a Follower of Uskayaw.
             Slain by a gnoll
             ... wielding a +0 club
              (4 damage)
             ... on level 3 of the Dungeon.
             The game lasted 00:03:51 (2026 turns).

Mrkan the Chopper (Hill Orc Fighter)                Turns: 2026, Time: 00:03:52

Health: -1/47      AC:  7    Str: 17 (19) XL:     5   Next: 16%
Magic:  3/5        EV:  7    Int:  5 (8)  God:    Uskayaw [*.....]
Gold:   176        SH:  9    Dex:  8 (11) Spells: 4/4 levels left

rFire    . . .     SeeInvis .   a - +0 war axe
rCold    . . .     Gourm    .   c - +0 shield
rNeg     . . .     Faith    .   b - +0 scale mail
rPois    .         Spirit   .   (no helmet)
rElec    .         Reflect  .   (no cloak)
rCorr    .         Harm     .   (no gloves)
MR       .....                  (no boots)
Stlth    ..........             (no amulet)
HPRegen  0.15/turn              (no ring)
MPRegen  0.09/turn              (no ring)

@: no status effects
A: no striking features
a: Stomp, Renounce Religion


You were on level 3 of the Dungeon.
You worshipped Uskayaw.
Uskayaw was noncommittal.
You were hungry.

You visited 1 branch of the dungeon, and saw 3 of its levels.

You collected 176 gold pieces.

Inventory:

Hand Weapons
 a - a +0 war axe (weapon)
Armour
 b - a +0 scale mail (worn)
 c - a +0 shield (worn)
Jewellery
 k - an uncursed ring of flight {unknown}
 l - an uncursed ring of wizardry {unknown}
 s - an uncursed ring of ice {unknown}
Scrolls
 e - 6 scrolls of identify {unknown}
 g - a scroll of amnesia {unknown}
 h - 2 scrolls of teleportation {unknown}
 n - a scroll of fear {unknown}
 p - 3 scrolls of remove curse {unknown}
 q - a scroll of enchant weapon {unknown}
Potions
 d - 2 potions of might
 i - a potion of agility {unknown}
 j - a potion of lignification {unknown}
 m - a potion of degeneration
 o - a potion of haste {unknown}
 r - a potion of curing {unknown}
Comestibles
 f - 11 rations


   Skills:
 + Level 4.4 Fighting
 * Level 4.7 Axes
 + Level 3.9 Armour
 + Level 4.0 Shields
 + Level 1.3 Invocations


You had 4 spell levels left.
You didn't know any spells.
Your spell library was empty.

Dungeon Overview and Level Annotations

Branches:
Dungeon (3/15)

Altars:
Dithmenos
Uskayaw
The Shining One


Message History

Unknown command.
The gnoll throws a throwing net.
The throwing net hits you.
You become entangled in the net!
You see here a throwing net.
You tear a large gash into the net.
Okay, then.
You shred the net and break free! The gnoll hits you but does no damage.
You block the gnoll's attack. The gnoll hits you with a +0 club.
* * * LOW HITPOINT WARNING * * *
You slash the gnoll!
The gnoll is almost dead.
You block the gnoll's attack. The gnoll hits you with a +0 club.
* * * LOW HITPOINT WARNING * * *
You can now stomp with the beat.
It was a potion of degeneration.
There was something very wrong with that liquid.
You feel weakened.
You feel dopey.
You feel clumsy. The gnoll hits you with a +0 club.
You die...

##.#...........♣.# P.≈≈≈≈≈≈≈≈≈..
##.#####[..##....# #.♣.≈≈≈≈≈≈≈≈P.
#..#.......##....# ..≈≈.≈≈≈≈≈P..
#.##.#####.##...)####.#♣..P.#P..#
...........................÷÷....
#....#####.#.####.......#####....
#..#######.#.# #.#####.# #####
#...†.<....#.####.# #..
##.#########.ggg@.# #.# ...#
##g###### ####.# ########
#...g..# #..... .........
#...g..##### #.###. .........
#..........#### # #. .........
#.......).....# #. .........
#.............# ###### .........
#..##.##......# #..... .........
♣.≈♣#.........####.####


You could see 4 gnolls.

Vanquished Creatures
  6 adders
  An ooze (D:2)
  2 worms
  2 dart slugs
  A leopard gecko (D:3)
  5 orcs (D:3)
  A ball python (D:1)
  A giant cockroach (D:1)
  4 goblins
  8 hobgoblins
  9 jackals
  A bat (D:1)
  4 frilled lizards
  5 kobolds
  10 rats
60 creatures vanquished.

Notes
Turn   | Place    | Note
-------+----------+-------------------------------------------
     0 | D:1      | Mrkan the Hill Orc Fighter began the quest for the Orb.
     0 | D:1      | Reached XP level 1. HP: 19/19 MP: 1/1
    63 | D:1      | Reached XP level 2. HP: 25/27 MP: 2/2
    75 | D:1      | You fall into a shaft and drop 1 floor!
   554 | D:2      | Reached XP level 3. HP: 33/33 MP: 3/3
   779 | D:2      | Reached XP level 4. HP: 39/40 MP: 4/4
   903 | D:2      | Found a hide-covered altar of Uskayaw.
   903 | D:2      | Found a glowing golden altar of the Shining One.
   905 | D:2      | Found a shadowy altar of Dithmenos.
   921 | D:2      | Became a worshipper of Uskayaw the Reveler
   972 | D:2      | Reached * piety under Uskayaw
  1534 | D:3      | Reached skill level 1 in Invocations
  1648 | D:3      | Reached ** piety under Uskayaw
  1723 | D:3      | Reached XP level 5. HP: 27/47 MP: 5/5
  2024 | D:3      | HP: 2/47 [gnoll/+0 club (4)]
  2026 | D:3      | Slain by a gnoll

Levels and vault maps discovered:
D:1:      dpeg_arrival_shelter, layout_basic
D:2:      layout_basic, gammafunk_temple_overflow_claw, first_ration
D:3:      layout_basic, serial_bayou, serial_bayou_pond_e, serial_bayou_ford_a,
          serial_bayou_pond_b, serial_bayou_crossing

Skill      XL: |  1  2  3  4  5 |
---------------+----------------+-----
Axes           | 3 4 |  4.7
Fighting       | 4 |  4.4
Invocations    | 1 |  1.3
Shields        | 4 |  4.0
Armour         | |  3.9

Action                   |  1- 3 |  4- 6 || total
-------------------------+-------+-------++-------
Melee: War axe           |    94 |   125 ||   219
Invok: Stomp             |       |     3 ||     3
  Use: Potion            |       |     1 ||     1
  Eat: Chunk             |       |     4 ||     4
Armor: Scale mail        |    62 |    51 ||   113
Dodge: Dodged            |    33 |    33 ||    66
Block: Shield            |    50 |    63 ||   113
